 Dungeon Crawl Stone Soup version 0.21.1-72-gffa868e (webtiles) character file.

3692 Madoushi the Fighter (level 9, 0/85 HPs)
             Began as a Minotaur Berserker on Aug 3, 2018.
             Was a High Priest of Trog.
             Slain by an orc warrior
             ... wielding a +1 dire flail of crushing
              (5 damage)
             ... on level 7 of the Dungeon.
             The game lasted 00:34:26 (9741 turns).

Madoushi the Fighter (Minotaur Berserker)           Turns: 9741, Time: 00:34:27

Health: 0/85       AC:  4    Str: 25    XL:     9   Next: 90%
Magic:  8/8        EV: 10    Int:  4    God:    Trog [*****.]
Gold:   451        SH:  0    Dex: 10    Spells: 8/8 levels left

rFire    . . .     SeeInvis .   R - +8 demon blade "Leech" {vamp, rN+ AC-3 EV-3}
rCold    . . .     Gourm    .   (no shield)
rNeg     + . .     Faith    .   o - +0 scale mail
rPois    .         Spirit   .   (helmet restricted)
rElec    .         Reflect  .   (no cloak)
rCorr    .         Harm     .   (no gloves)
MR       .....                  (no boots)
Stlth    ..........             (no amulet)
HPRegen  0.24/turn              (no ring)
MPRegen  0.11/turn              (no ring)

@: lethally poisoned (0 -> -3), drained
A: retaliatory headbutt, horns 2
a: Berserk, Trog's Hand, Brothers in Arms, Burn Spellbooks, Renounce Religion


You were on level 7 of the Dungeon.
You worshipped Trog.
Trog was extremely pleased with you.
You were near starving.

You visited 1 branch of the dungeon, and saw 7 of its levels.
You also visited: Sewer and Ossuary.

You collected 612 gold pieces.
You spent 161 gold pieces at shops.

Inventory:

Hand Weapons
 a - a +0 hand axe
 e - a +0 spear
 g - a +0 short sword
 i - a +0 hand axe
 n - a +0 dagger
 t - a +0 shortbow
 z - a +0 war axe
 E - a +0 blowgun
 F - a +5 morningstar of venom
 G - a +0 arbalest
 J - a +2 shortbow of freezing
 R - the +8 demon blade "Leech" (weapon) {vamp, rN+ AC-3 EV-3}
   (You found it on level 7 of the Dungeon)

   It inflicts no extra harm, but heals its wielder when it wounds a living foe.
   It affects your AC (-3).
   It affects your evasion (-3).
   It protects you from negative energy.
Missiles
 h - 7 tomahawks
 j - 16 poisoned needles
 m - 118 stones (quivered)
 s - 60 arrows
 y - 76 sling bullets
Armour
 b - a +0 animal skin
 f - a +0 robe
 k - a +2 ring mail of magic resistance
 l - a +0 chain mail
 o - a +0 scale mail (worn)
 u - a +0 chain mail
 x - a +0 ring mail
Magical Staves
 r - an uncursed staff of wizardry {unknown}
Jewellery
 U - an uncursed ring of wizardry {unknown}
Wands
 I - a wand of iceblast (10)
 V - a wand of disintegration (18)
Scrolls
 d - 6 scrolls of remove curse
 p - 3 scrolls of identify
 A - a scroll of magic mapping {unknown}
 C - 2 scrolls of fog
 D - a scroll of blinking
 H - 2 scrolls of enchant weapon {unknown}
 K - 2 scrolls of teleportation
 N - 2 scrolls of amnesia {unknown}
 Q - 2 scrolls of brand weapon {unknown}
 S - a scroll of fear {unknown}
 T - a scroll of holy word {unknown}
Potions
 q - a potion of haste {unknown}
 v - 2 potions of invisibility {unknown}
 w - 3 potions of curing {unknown}
 B - 2 potions of berserk rage {unknown}
 L - 2 potions of mutation {unknown}
 M - a potion of resistance {unknown}
 P - 3 potions of might {unknown}
Comestibles
 c - 4 rations


   Skills:
 * Level 10.2(10.1) Fighting
 + Level 9.2(9.9) Axes
 * Level 6.0(8.3) Maces & Flails
 + Level 7.0(6.9) Armour
 + Level 6.5(6.4) Dodging


You had 8 spell levels left.
You didn't know any spells.

Dungeon Overview and Level Annotations

Branches:
Dungeon (7/15)             Temple (0/1) D:5

Altars:
Okawaru
Trog
Uskayaw
Xom

Shops:
D:6 ***(}

Annotations:
D:7 2 runed doors


Innate Abilities, Weirdness & Mutations

You reflexively headbutt those who attack you in melee.
You have a pair of horns on your head.


Message History

The orc warrior is lightly wounded.
You feel sick.
The orc warrior zaps a wand.
You easily resist.
You hit the orc warrior.
You feel better.
The orc warrior is moderately wounded.
You feel sick.
The orc warrior hits you with a dire flail of crushing!!
* * * LOW HITPOINT WARNING * * *
x2 You feel much better.
You feel sick.
The orc warrior zaps a wand.
You easily resist.
You closely miss the orc warrior. Your headbutt misses the orc warrior.
The orc warrior is moderately wounded.
You feel sick.
The orc warrior hits you with a dire flail of crushing!!
* * * LOW HITPOINT WARNING * * *
x2 You slash the orc warrior!
You feel better.
The orc warrior is severely wounded.
You feel sick.
The orc warrior hits you with a dire flail of crushing!
* * * LOW HITPOINT WARNING * * *
You die...

.....#......# #.....
###.##..###.# #..<.. #...##..#
#.# ##..... ........# #..###+#
#'###....## .........###. ...
#####........## .........#
#.##8.)8##.###.....
.........####+#.#8....8#.# #.....
.........##.....'o.....+.# #.....
..#...........[.@).....+.###.....
#.###...........#8....8#..##....#
#.# #...........##8..8##.........
#.###............######..########
#[.####'#....#..........##
#..####>#..>.#.........##
........#....'.........# ###
.#..#........#.........# #..
>...#.....####....##'### #.#


You could see an orc warrior.

Vanquished Creatures
  The ghost of dscm the Thaumaturge, a novice OpNe of Vehumet (D:7)
  3 orc warriors
  2 sky beasts
  An eye of draining (D:7)
  An ice beast (D:6)
  3 centaurs
  6 ogres
  5 bullfrogs
  A wight (D:7)
  A bullfrog zombie (D:6)
  5 crimson imps
  3 centaur zombies (D:5)
  A jelly (D:7)
  6 orc priests
  A bullfrog skeleton (D:5)
  2 hounds (D:5)
  4 orc wizards (D:6)
  Terence (D:3)
  2 iguanas
  2 worker ants
  A big kobold zombie (Ossuary)
  8 mummies (Ossuary)
  3 hound skeletons
  3 gnolls (D:6)
  24 adders
  A river rat (D:4)
  2 shadow imps (D:5)
  16 oozes
  An adder zombie (D:6)
  An adder skeleton (D:4)
  3 worms
  2 dart slugs
  11 leopard geckos
  12 orcs
  12 giant cockroaches
  2 gnoll zombies (Ossuary)
  14 goblins
  13 hobgoblins
  10 jackals
  5 quokkas
  12 ball pythons
  6 bats
  19 frilled lizards
  3 hobgoblin zombies (Ossuary)
  9 kobolds
  A kobold zombie (Ossuary)
  A leopard gecko skeleton (D:4)
  An orc zombie (Ossuary)
  15 rats
262 creatures vanquished.

Notes
Turn   | Place    | Note
-------+----------+-------------------------------------------
     0 | D:1      | Madoushi the Minotaur Berserker began the quest for the Orb.
     0 | D:1      | Reached XP level 1. HP: 19/19 MP: 0/0
   113 | D:1      | Reached XP level 2. HP: 19/27 MP: 1/1
   371 | D:1      | Reached skill level 4 in Fighting
   790 | D:1      | Reached XP level 3. HP: 33/33 MP: 2/2
   794 | D:1      | Reached ** piety under Trog
  1129 | D:2      | Reached XP level 4. HP: 23/41 MP: 3/3
  1689 | D:2      | Noticed a hand axe
  1690 | D:2      | Found a hide-covered altar of Uskayaw.
  1690 | D:2      | Noticed a dagger
  1803 | D:2      | Reached skill level 5 in Fighting
  2127 | D:2      | Reached XP level 5. HP: 41/48 MP: 4/4
  2291 | D:3      | Noticed Terence
  2308 | D:3      | Killed Terence
  2308 | D:3      | Reached skill level 5 in Axes
  2544 | D:3      | Reached *** piety under Trog
  3223 | D:4      | Found a glowing drain.
  3392 | Sewer    | Entered a sewer
  3430 | Sewer    | Reached XP level 6. HP: 49/56 MP: 5/5
  3746 | Sewer    | Reached skill level 6 in Fighting
  3804 | Sewer    | Reached **** piety under Trog
  4072 | Sewer    | Reached XP level 7. HP: 43/64 MP: 6/6
  4553 | D:4      | Reached skill level 7 in Fighting
  5317 | D:5      | Entered Level 5 of the Dungeon
  5414 | D:5      | Reached skill level 5 in Armour
  5414 | D:5      | Reached XP level 8. HP: 35/74 MP: 7/7
  5669 | D:5      | Reached skill level 8 in Fighting
  5747 | D:5      | Found a staircase to the Ecumenical Temple.
  5797 | D:5      | Reached skill level 5 in Dodging
  5891 | D:5      | Found an iron altar of Okawaru.
  5891 | D:5      | Found a bloodstained altar of Trog.
  6297 | D:5      | Found a shimmering altar of Xom.
  6721 | D:6      | Found Vuablil's Antique Weapon Emporium.
  6736 | D:6      | Bought a glowing morningstar for 161 gold pieces
  6779 | D:6      | Reached skill level 1 in Maces & Flails
  6976 | D:6      | Found Pumeagao's Assorted Antiques.
  7295 | D:6      | Found Gaicoh's Assorted Antiques.
  7301 | D:6      | Found Zanteip's General Store.
  7399 | D:6      | Reached skill level 9 in Fighting
  7399 | D:6      | Reached XP level 9. HP: 71/83 MP: 8/8
  7691 | D:6      | Found Ruffag's Gadget Emporium.
  7809 | D:6      | Reached ***** piety under Trog
  8129 | D:7      | Noticed dscm's ghost (novice OpNe)
  8137 | D:7      | Killed dscm's ghost
  8137 | D:7      | Reached skill level 5 in Maces & Flails
  8611 | D:7      | Found a sand-covered staircase.
  8616 | Ossuary  | Entered an ossuary
  8643 | Ossuary  | Reached skill level 10 in Fighting
  9333 | D:7      | Found the +8 demon blade "Leech" {vamp, rN+ AC-3 EV-3}
  9555 | D:7      | Found a large runed door.
  9555 | D:7      | Found a large runed door.
  9714 | D:7      | Found a large runed door.
  9715 | D:7      | Found a large runed door.
  9741 | D:7      | Slain by an orc warrior

Skill      XL: |  1  2  3  4  5  6  7  8  9 |
---------------+----------------------------+-----
Fighting       | 4 5 6 7 9 10 | 10.2
Axes           | 4 5 6 7 8 9 |  9.2
Armour         | 3 4 5 7 |  7.0
Dodging        | 3 4 5 6 |  6.5
Maces & Flails | 3 6 |  6.0

Action                   |  1- 3 |  4- 6 |  7- 9 || total
-------------------------+-------+-------+-------++-------
Melee: Hand axe          |    64 |   323 |    38 ||   425
       Headbutt          |     7 |    31 |    51 ||    89
       War axe           |       |       |    87 ||    87
       Morningstar       |       |       |   143 ||   143
       Demon blade       |       |       |    21 ||    21
  Use: Scroll            |       |     3 |     3 ||     6
       Potion            |       |       |     2 ||     2
  Eat: Chunk             |       |    11 |     7 ||    18
       Ration            |       |       |     4 ||     4
Armor: Animal skin       |     2 |       |       ||     2
       Robe              |     8 |    11 |       ||    19
       Scale mail        |       |   111 |    98 ||   209
Dodge: Dodged            |    33 |   258 |   154 ||   445
       Rpst.: Demon blade |       |       |     3 ||     3
